 Dungeon Crawl Stone Soup version bcrawl-1.41.1 (webtiles) character file.

Game seed: 5911627542583086923

151328 Yshiel the Chiller (level 4, -1/32 HPs)
             Began as a Gnoll Ice Elementalist on Apr 23, 2024.
             Slain by a gnoll
             ... wielding the +12 spear of Ylauzeel {elec, rElec rC+ Stlth+}
              (20 damage)
             ... on level 3 of the Dungeon on Apr 24, 2024.
             The game lasted 00:14:21 (1670 turns).

Yshiel the Chiller (Gnoll Ice Elementalist)         Turns: 1670, Time: 00:14:21

Health: -1/32      AC:  6    Str: 10    XL:     4   Next: 75%
Magic:  11/11      EV: 12    Int: 18    God:
Gold:   256        SH:  0    Dex: 16    Spells: 12/13 levels left

rFire    + . .     GDR:     29% b - +0 dagger
rCold    . . .     SeeInvis .   (no shield)
rNeg     . . .     Gourm    +   k - +1 ring mail {rF+}
rPois    .         Faith    .   (no helmet)
rElec    .         Spirit   .   (no cloak)
rCorr    .         Reflect  .   (no gloves)
MR       .....                  (no boots)
Stlth    ++........             n - amulet of the gourmand
HPRegen  0.15/turn              (no ring)
MPRegen  0.12/turn              (no ring)

@: no status effects
A: distributed training, fangs 1, strong nose
a: no special abilities


You were on level 3 of the Dungeon.
You were very full.

You visited 1 branch of the dungeon, and saw 3 of its levels.

You collected 256 gold pieces.

Inventory:

Hand Weapons
 b - a +0 dagger (weapon)
Missiles
 m - 237 bolts
 q - 124 stones (quivered)
Armour
 a - a +0 robe
 k - a +1 ring mail of fire resistance (worn)
Jewellery
 n - an amulet of the gourmand (around neck)
Wands
 c - a wand of iceblast (1)
Scrolls
 g - a scroll of revelation
 i - 4 scrolls of identify
 l - 2 scrolls of fog {unknown}
 o - a scroll of blinking {unknown}
Potions
 d - a potion of mutation {unknown}
 f - a potion of brilliance {unknown}
 h - a potion of ambrosia {unknown}
 j - a potion of agility {unknown}
Comestibles
 e - 5 rations {!d}


   Skills:
 + Level 1.2 Fighting
 + Level 1.2 Short Blades
 + Level 1.2 Long Blades
 + Level 1.2 Axes
 + Level 1.2 Maces & Flails
 + Level 1.2 Polearms
 + Level 1.2 Staves
 + Level 1.2 Slings
 + Level 1.2 Bows
 + Level 1.2 Crossbows
 + Level 1.2 Throwing
 + Level 1.2 Armour
 + Level 4.7 Dodging
 + Level 4.7 Stealth
 + Level 1.2 Shields
 + Level 1.2 Unarmed Combat
 + Level 5.1 Spellcasting
 + Level 2.3 Conjurations
 + Level 1.0 Hexes
 + Level 1.0 Charms
 + Level 1.0 Summonings
 + Level 1.0 Necromancy
 + Level 1.0 Translocations
 + Level 1.0 Transmutations
 + Level 1.0 Fire Magic
 + Level 5.5 Ice Magic
 + Level 1.0 Air Magic
 + Level 1.0 Earth Magic
 + Level 1.0 Poison Magic
 + Level 1.3 Invocations
 + Level 1.2 Evocations


You had 12 spell levels left.
You knew the following spells:

 Your Spells              Type           Power        Failure   Level  Hunger
a - Freeze                Ice            ###...       3%          1    None

Your spell library contained the following spells:

 Spells                   Type           Power        Failure   Level  Hunger
 Throw Frost              Conj/Ice       ###...       4%          2    None
 Ozocubu's Armour         Chrm/Ice       ###.....     26%         3    ###....
 Throw Icicle             Conj/Ice       ###.....     54%         4    ####...
 Ice Form                 Ice/Tmut       ###.....     65%         4    ####...
 Summon Ice Beast         Ice/Summ       ###.....     65%         4    ####...


Dungeon Overview and Level Annotations

Branches:
Dungeon (3/12)

Altars:

Annotations:
D:3 1 transporter, rumpelstilzz's ghost, amateur CeAM


Innate Abilities, Weirdness & Mutations

Your experience applies equally to all skills.
You have very sharp teeth.
Your uncanny sense of smell can sniff out nearby items.


Message History

The gnoll shouts!
You enter the shallow water.
Moving in this stuff is going to be slow.
The gnoll shouts!
You hear a shout! x2
The gnoll shouts!
You enter the shallow water.
Moving in this stuff is going to be slow.
All of the chunks of flesh in your inventory have rotted away.
There is a transporter here.
You enter the transporter and appear at another place.
A gnoll comes into view.
It is wielding the +12 spear of Ylauzeel {elec, rElec rC+ Stlth+}.
The gnoll shouts!
The gnoll throws a throwing net.
The throwing net closely misses you.
The throwing net hits the plant.
The net is caught on the plant!
No path to travel!
The gnoll misses you.
The gnoll hits you with the +12 spear of Ylauzeel {elec, rElec rC+ Stlth+}!
You are electrocuted!!
Ouch! That really hurt!
You die...

#...≈≈≈≈≈≈≈≈≈≈≈...≈≈≈≈≈≈
#.#.≈≈#####...........##
#.#.≈≈#g#.#.###.©.###.#
. #.≈≈#...###©#####.# #.
# #.≈≈###.....!.... ....
#.≈≈.8#.######+## +##
#.≈≈.##W#g..#8.P#P.P#.
#.≈≈.#gg'..:#⌠©.....'.
#.≈≈.##g#...#8@P#P.P#.
###.≈≈.8#.# ##g## ##
.##.≈≈###.% . ... ∆
.##.≈≈#g..### #####
.##.≈≈#.#.#.###.©.
.##.≈≈#####.......
....≈≈≈≈≈≈≈≈≈≈≈≈≈≈
##.†≈≈≈≈≈≈≈≈≈≈≈≈≈≈≈
#.............


You could see a gnoll.

Vanquished Creatures
  A gnoll (D:1)
  An adder (D:3)
  2 worms
  4 dart slugs
  A leopard gecko (D:2)
  An orc (D:3)
  6 giant cockroaches
  5 goblins
  7 hobgoblins
  5 jackals
  3 quokkas
  2 ball pythons
  6 bats
  10 frilled lizards
  5 kobolds
  5 rats
64 creatures vanquished.

Vanquished Creatures (others)
  A rat (D:1)
1 creature vanquished.

Grand Total: 65 creatures vanquished

Notes
Turn   | Place    | Note
-------+----------+-------------------------------------------
     0 | D:1      | Yshiel the Gnoll Ice Elementalist began the quest for the
                  | Orb.
     0 | D:1      | Reached XP level 1. HP: 13/13 MP: 6/6
    48 | D:1      | Reached XP level 2. HP: 18/20 MP: 2/7
   175 | D:1      | Reached XP level 3. HP: 25/25 MP: 5/9
   281 | D:1      | Reached skill level 5 in Spellcasting
   499 | D:1      | Reached skill level 1 in Invocations
   748 | D:2      | Found a faded altar of an unknown god.
   870 | D:2      | Reached skill level 1 in Fighting
   870 | D:2      | Reached skill level 1 in Short Blades
   870 | D:2      | Reached skill level 1 in Long Blades
   870 | D:2      | Reached skill level 1 in Axes
   870 | D:2      | Reached skill level 1 in Maces & Flails
   870 | D:2      | Reached skill level 1 in Polearms
   870 | D:2      | Reached skill level 1 in Staves
   870 | D:2      | Reached skill level 1 in Slings
   870 | D:2      | Reached skill level 1 in Bows
   870 | D:2      | Reached skill level 1 in Crossbows
   870 | D:2      | Reached skill level 1 in Throwing
   870 | D:2      | Reached skill level 1 in Armour
   870 | D:2      | Reached skill level 1 in Shields
   870 | D:2      | Reached skill level 1 in Unarmed Combat
   870 | D:2      | Reached skill level 1 in Evocations
   915 | D:2      | Reached XP level 4. HP: 32/32 MP: 9/11
  1438 | D:3      | Reached skill level 1 in Hexes
  1438 | D:3      | Reached skill level 1 in Charms
  1438 | D:3      | Reached skill level 1 in Summonings
  1438 | D:3      | Reached skill level 1 in Necromancy
  1438 | D:3      | Reached skill level 1 in Translocations
  1438 | D:3      | Reached skill level 1 in Transmutations
  1438 | D:3      | Reached skill level 1 in Fire Magic
  1438 | D:3      | Reached skill level 1 in Air Magic
  1438 | D:3      | Reached skill level 1 in Earth Magic
  1438 | D:3      | Reached skill level 1 in Poison Magic
  1620 | D:3      | Found a transporter.
  1620 | D:3      | Found a transporter.
  1636 | D:3      | Noticed rumpelstilzz's ghost (amateur CeAM)
  1667 | D:3      | Identified the +12 spear of Ylauzeel {elec, rElec rC+
                  | Stlth+}
  1670 | D:3      | Slain by a gnoll

Skill      XL: |  1  2  3  4 |
---------------+-------------+-----
Conjurations   | 2 |  2.3
Spellcasting   | 5 |  5.1
Invocations    | 1 |  1.3
Fighting       | 1 |  1.2
Short Blades   | 1 |  1.2
Long Blades    | 1 |  1.2
Axes           | 1 |  1.2
Maces & Flails | 1 |  1.2
Polearms       | 1 |  1.2
Staves         | 1 |  1.2
Slings         | 1 |  1.2
Bows           | 1 |  1.2
Crossbows      | 1 |  1.2
Throwing       | 1 |  1.2
Armour         | 1 |  1.2
Shields        | 1 |  1.2
Unarmed Combat | 1 |  1.2
Evocations     | 1 |  1.2
Hexes          | 1 |  1.0
Charms         | 1 |  1.0
Summonings     | 1 |  1.0
Necromancy     | 1 |  1.0
Translocations | 1 |  1.0
Transmutations | 1 |  1.0
Fire Magic     | 1 |  1.0
Air Magic      | 1 |  1.0
Earth Magic    | 1 |  1.0
Poison Magic   | 1 |  1.0
Dodging        | |  4.7
Stealth        | |  4.7
Ice Magic      | |  5.5

Action                   |  1- 3 |  4- 6 || total
-------------------------+-------+-------++-------
Melee: Dagger            |    16 |    19 ||    35
       Bite              |       |     1 ||     1
 Cast: Freeze            |    46 |    34 ||    80
  Use: Scroll            |     1 |       ||     1
 Stab: Sleeping          |     7 |     2 ||     9
  Eat: Chunk             |     9 |    11 ||    20
Armor: Robe              |     4 |       ||     4
       Ring mail         |     6 |     8 ||    14
Dodge: Dodged            |    38 |    33 ||    71
